 Dungeon Sprint DCSS version 0.29-a0-802-g34511f41fd (webtiles) character file.

Game seed: 3976602569578785856

35379 mhtbhm the Wrestler (level 13, -22/144 HPs)
             Began as a Troll Transmuter on July 3, 2022.
             Was the Champion of Okawaru.
             Annihilated by a bunyip (28 damage)
             ... in the Dungeon (Sprint IX: "|||||||||||||||||||||||||||||").
             The game lasted 00:11:37 (4313 turns).

mhtbhm the Wrestler (Troll Transmuter)              Turns: 4313, Time: 00:11:39

Health: -22/144    AC:  1    Str: 25    XL:     13   Next: 47%
Magic:  25/25      EV: 15    Int:  9    God:    Okawaru [******]
Gold:   432        SH:  0    Dex: 10    Spells: 11/31 levels left

rFire   x . .      SeeInvis .     - Unarmed
rCold   + + +      Faith    .   (shield currently unavailable)
rNeg    . . .      Spirit   .   (body armour currently unavailable)
rPois   +          Reflect  .   (helmet currently unavailable)
rElec   .          Harm     .   (cloak currently unavailable)
rCorr   .          Rampage  .   (gloves unavailable)
Will    .....      NoTele   +   (boots unavailable)
Stlth   ++........              z - amulet of magic regeneration
HPRegen 1.14/turn               m - +2 ring of evasion
MPRegen 0.59/turn               n - +2 ring of protection

@: ice-form, wereblooded (expiring), corroded
A: freezing attack, amphibious, boosted hp, large, unfitting armour, (claws 3),
regeneration 1, (shaggy fur 1), (tough skin 1)
a: End Transformation, Renounce Religion, Heroism, Finesse


You were in the Dungeon.
You worshipped Okawaru.
Okawaru was exalted by your worship.
You were a creature of crystalline ice.
You visited 1 branch You collected 1934 gold pieces.
You spent 1502 gold pieces at shops.

Inventory:

Armour
 a - the +8 gold dragon scales of Boiling Hail {rPois rF+ rC+ rN+ Dex+4}
   (Okawaru gifted it to you in the Dungeon)

   Dex:       It affects your dexterity (+4).
   rF:        It protects you from fire.
   rC:        It protects you from cold.
   rPois:     It protects you from poison.
   rN:        It protects you from negative energy.
 l - a +0 cloak (melded)
 t - a +2 robe of resistance (melded)
 u - a +0 hat
Jewellery
 m - a +2 ring of evasion (left front paw)
 n - a +2 ring of protection (right front paw)
 y - a ring of willpower
 z - an amulet of magic regeneration (around neck)
 A - a ring of willpower
 B - a ring of fire
Scrolls
 h - 3 scrolls of blinking
 j - 3 scrolls of amnesia
 p - 2 scrolls of fear
 q - 2 scrolls of enchant weapon
 r - 6 scrolls of identify
 s - 2 scrolls of enchant armour
 v - a scroll of magic mapping
 w - 2 scrolls of immolation
 x - 2 scrolls of poison
 D - a scroll of fog
Potions
 b - a potion of lignification
 c - 9 potions of curing
 f - 4 potions of magic
 g - a potion of berserk rage
 i - a potion of invisibility
 o - 6 potions of mutation
 C - a potion of brilliance


   Skills:
 + Level 5.8 Fighting
 + Level 11.1 Dodging
 + Level 4.1 Stealth
 + Level 22.5 Unarmed Combat
 + Level 9.7 Spellcasting
 + Level 10.8 Transmutations
 + Level 6.2 Ice Magic
 * Level 11.2 Invocations
 + Level 3.4 Evocations


You had 11 spell levels left.
You knew the following spells:

 Your Spells              Type           Power      Damage    Failure   Level
a - Beastly Appendage     Tmut           46%        N/A       1%          1
b - Wereblood             Tmut           23%        N/A       1%          2
c - Spider Form           Tmut/Pois      14%        N/A       4%          3
d - Ice Form              Ice/Tmut       19%        N/A       4%          4
e - Frozen Ramparts       Ice            30%        1d5       3%          3
f - Ensorcelled Hibernat  Hex/Ice        18%        N/A       6%          2
g - Metabolic Englaciati  Hex/Ice        4%         N/A       75%         5

Your spell library contained the following spells:

 Spells                   Type           Power      Damage    Failure   Level
 Necrotise                Necr           16%        1d4       16%         1
 Vampiric Draining        Necr           4%         2d6       41%         3
 Corpse Rot               Necr/Pois/Air  4%         N/A       83%         4
 Agony                    Necr           4%         N/A       99%         5


Dungeon Overview and Level Annotations

Branches:
Dungeon (1/1)

Altars:
Cheibriados
Dithmenos
Elyvilon
Fedhas
Gozag
Hepliaklqana
Kikubaaqudgha
Makhleb
Nemelex Xobeh
Okawaru
Qazlal
Ru
Sif Muna
Trog
Uskayaw
Vehumet
Wu Jian
Xom
Yredelemnul
Zin
The Shining One
Jiyva
Lugonu

Shops:
D :!??


Innate Abilities, Weirdness & Mutations

You are a creature of crystalline ice.
You have a powerful freezing melee attack.
You are amphibious.
Your maximum health is increased.
Your armour is entirely melded.
You are incapable of wielding weapons or throwing items.
You are too large for most types of armour.
((You have claws for hands.))
Your natural rate of healing is unusually fast.
((You are covered in fur. (AC +1)))
((You have tough skin. (AC +1)))


Message History

The goliath frog closely misses you.
You completely miss the bunyip.
The bunyip is heavily wounded.
The bunyip misses you. The bunyip barely misses you. The bunyip claws you!!
* * * LOW HITPOINT WARNING * * *
The goliath frog hits you from afar.
* * * LOW HITPOINT WARNING * * *
The acid corrodes you!
You are splashed with acid!
* * * LOW HITPOINT WARNING * * *
You feel much better. The goliath frog barely misses you.
Okay, then.
Aiming: Quicksilver Bolt
Press: ? - help, Shift-Dir - straight line, f - bunyip
Aim: a bunyip (heavily wounded, 74% to hit)
The bolt of dispelling energy hits the bunyip!
The bunyip is severely wounded.
The bolt of dispelling energy misses the goliath frog.
The bolt of dispelling energy hits the swamp dragon!
The swamp dragon is moderately wounded.
The bolt of dispelling energy hits the four-headed hydra!
The four-headed hydra is moderately wounded.
The now-empty wand crumbles to dust.
Your primal bloodlust is almost over.
The goliath frog barely misses you.
You aren't carrying any items that you can evoke.
Unknown command.
Unknown command.
You aren't carrying any items that you can evoke.
Unknown command.
Okay, then.
You aren't carrying any items that you can evoke.
Unknown command.
You hit the bunyip but do no damage.
The bunyip is severely wounded.
The bunyip claws you!
* * * LOW HITPOINT WARNING * * *
The bunyip claws you!!
* * * LOW HITPOINT WARNING * * *
The bunyip claws you!!
You die...

▓P▓.▓[▓.▓)▓.▓.▓.▓_
▓.▓.▓[▓.▓)▓.▓.▓.▓_
▓.▓.▓[▓)▓)▓.▓.▓.▓_
▓.▓.▓[▓.▓.▓)▓'▓.▓_
▓.▓.▓.▓.▓.▓.▓.▓.▓_
▓.▓.▓.▓.▓.▓.▓)▓.▓_
▓)▓.▓†▓.▓.▓.▓†▓.▓_
♣'♣.▓.▓†▓.▓.▓†▓.▓_
♣Y♣.▓.▓.▓)▓.▓.▓.▓_
♣x♣.▓)▓.▓.▓.▓.▓.▓_
♣F♣.▓)▓.▓.▓.▓.▓.▓_
♣.♣.▓.▓.▓.▓.▓.▓.▓_
♣D♣.▓.▓.▓'▓.▓.▓.▓_
♣D♣.▓.▓.▓)▓.▓'▓.▓'
♣.♣.▓'▓.▓)▓.▓†▓.▓.
♣.♣.▓.▓.▓.▓.▓.▓.▓.
♣.♣.▓.▓.▓.▓.▓†▓.▓)


You could see a bunyip, a four-headed hydra, a swamp dragon and a goliath frog.

Vanquished Creatures
  Gastronok (D)
  A thorn hunter (D)
  A fire giant (D)
  An emperor scorpion (D)
  A ghost moth (D)
  A very ugly thing (D)
  An eleionoma (D)
  2 spark wasps (D)
  An ettin (D)
  A merfolk impaler (D)
  2 centaur warriors (D)
  4 ogre magi (D)
  A two-headed ogre (D)
  3 hydras (D)
  Erica (D)
  A death knight (D)
  2 alligators (D)
  A tengu warrior (D)
  A pharaoh ant (D)
  A steelbarb worm (D)
  A flayed ghost (D)
  A swamp dragon (D)
  An orc knight (D)
  2 ugly things (D)
  2 orc sorcerers (D)
  An oklob plant (D)
  A cyclops (D)
  2 manticores (D)
  8 elephants (D)
  A moth of wrath (D)
  A merfolk siren (D)
  A black mamba (D)
  2 rime drakes (D)
  4 cane toads (D)
  Psyche (D)
  2 trolls (D)
  A hornet (D)
  A polar bear (shapeshifter) (D)
  3 merfolk (D)
  A polar bear (D)
  2 slime creatures (D)
  2 blink frogs (D)
  A snapping turtle (D)
  2 culicivoras (D)
  A water elemental (D)
  A yak (shapeshifter) (D)
  A vampire (D)
  A basilisk (D)
  A yak (D)
  A vampire mosquito (D)
  A redback (D)
  An acid dragon (D)
  3 water moccasins (D)
  11 orc warriors (D)
  A floating eye (D)
  8 ogres (D)
  An ice beast (D)
  A phantom (D)
  2 killer bees (D)
  A hound (D)
  4 orc priests (D)
  3 orc wizards (D)
  An adder (D)
  A dart slug (D)
  6 orcs (D)
  2 hobgoblins (D)
  2 kobolds (D)
127 creatures vanquished.

Notes
Turn   | Place    | Note
-------+----------+-------------------------------------------
     0 | D        | mhtbhm the Troll Transmuter began the quest for the Orb.
     0 | D        | Reached XP level 1. HP: 18/18 MP: 1/1
    16 | D        | Reached skill level 4 in Unarmed Combat
    16 | D        | Reached XP level 2. HP: 26/26 MP: 0/3
   112 | D        | Learned a level 2 spell: Wereblood
   115 | D        | Noticed a phantom
   115 | D        | Noticed an ice beast
   126 | D        | Killed a phantom
   127 | D        | Reached skill level 1 in Fighting
   127 | D        | Reached skill level 6 in Unarmed Combat
   127 | D        | Reached XP level 3. HP: 22/33 MP: 1/5
   127 | D        | Reached XP level 4. HP: 28/41 MP: 1/6
   134 | D        | Reached skill level 7 in Unarmed Combat
   147 | D        | Killed an ice beast
   148 | D        | Reached skill level 8 in Unarmed Combat
   148 | D        | Reached XP level 5. HP: 16/48 MP: 1/8
   158 | D        | Learned a level 3 spell: Spider Form
   163 | D        | Learned a level 4 spell: Ice Form
   163 | D        | Found a snail-covered altar of Cheibriados.
   163 | D        | Found a shadowy altar of Dithmenos.
   163 | D        | Found a white marble altar of Elyvilon.
   163 | D        | Found a blossoming altar of Fedhas.
   163 | D        | Found an opulent altar of Gozag.
   164 | D        | Found a hazy altar of Hepliaklqana.
   165 | D        | Found a viscous altar of Jiyva.
   166 | D        | Found an ancient bone altar of Kikubaaqudgha.
   167 | D        | Found a corrupted altar of Lugonu.
   168 | D        | Found a burning altar of Makhleb.
   169 | D        | Found a sparkling altar of Nemelex Xobeh.
   170 | D        | Found an iron altar of Okawaru.
   171 | D        | Found a stormy altar of Qazlal.
   174 | D        | Found a sacrificial altar of Ru.
   175 | D        | Found a shimmering blue altar of Sif Muna.
   176 | D        | Found a bloodstained altar of Trog.
   177 | D        | Found a hide-covered altar of Uskayaw.
   178 | D        | Found a radiant altar of Vehumet.
   179 | D        | Found an ornate altar of the Wu Jian Council.
   180 | D        | Found a shimmering altar of Xom.
   182 | D        | Became a worshipper of Warmaster Okawaru
   184 | D        | Found a basalt altar of Yredelemnul.
   185 | D        | Found a glowing silver altar of Zin.
   186 | D        | Found a glowing golden altar of the Shining One.
   236 | D        | Noticed a troll
   236 | D        | Noticed a hornet
   236 | D        | Noticed an acid dragon
   247 | D        | Reached skill level 9 in Unarmed Combat
   251 | D        | Killed a troll
   252 | D        | Reached skill level 5 in Dodging
   252 | D        | Reached skill level 10 in Unarmed Combat
   252 | D        | Reached XP level 6. HP: 33/57 MP: 3/11
   255 | D        | Killed a hornet
   255 | D        | Reached * piety under Okawaru
   256 | D        | Reached skill level 11 in Unarmed Combat
   256 | D        | Reached XP level 7. HP: 38/65 MP: 4/12
   258 | D        | Reached skill level 12 in Unarmed Combat
   827 | D        | Noticed a cyclops
   827 | D        | Noticed a vampire
   827 | D        | Noticed a slime creature
   827 | D        | Noticed a yak
   827 | D        | Noticed a centaur warrior
   827 | D        | Noticed a troll
   832 | D        | Killed a cyclops
   832 | D        | Reached ** piety under Okawaru
   833 | D        | Reached skill level 5 in Spellcasting
   833 | D        | Reached skill level 5 in Transmutations
   833 | D        | Reached skill level 1 in Ice Magic
   833 | D        | Reached XP level 8. HP: 74/74 MP: 7/14
   838 | D        | Reached skill level 13 in Unarmed Combat
   840 | D        | Killed a slime creature
   843 | D        | Reached *** piety under Okawaru
   847 | D        | Killed a centaur warrior
   848 | D        | Reached skill level 1 in Stealth
   848 | D        | Reached skill level 14 in Unarmed Combat
   848 | D        | Reached XP level 9. HP: 29/80 MP: 9/16
   848 | D        | Killed a troll
   848 | D        | Reached **** piety under Okawaru
   849 | D        | Reached skill level 1 in Evocations
  1040 | D        | Noticed a five-headed hydra
  1040 | D        | Noticed a rime drake
  1040 | D        | Noticed a cane toad
  1040 | D        | Noticed a four-headed hydra
  1046 | D        | Killed a five-headed hydra
  1051 | D        | Killed a four-headed hydra
  1051 | D        | Reached ***** piety under Okawaru
  1052 | D        | Reached skill level 15 in Unarmed Combat
  1055 | D        | Killed a rime drake
  1056 | D        | Reached XP level 10. HP: 47/91 MP: 12/18
  1056 | D        | Killed a cane toad
  1063 | D        | Noticed a black mamba
  1066 | D        | Reached skill level 16 in Unarmed Combat
  1069 | D        | Killed a black mamba
  1229 | D        | Noticed an oklob plant
  1229 | D        | Noticed a cane toad
  1229 | D        | Noticed a cane toad
  1234 | D        | Noticed a cane toad
  1236 | D        | Killed an oklob plant
  1242 | D        | Killed a cane toad
  1242 | D        | Received a gift from Okawaru
  1244 | D        | Killed a cane toad
  1250 | D        | Killed a cane toad
  1251 | D        | Reached skill level 17 in Unarmed Combat
  1307 | D        | Noticed an elephant
  1307 | D        | Noticed an elephant
  1307 | D        | Noticed an elephant
  1307 | D        | Noticed an elephant
  1307 | D        | Noticed an elephant
  1307 | D        | Noticed an elephant
  1308 | D        | Noticed an elephant
  1310 | D        | Killed an elephant
  1311 | D        | Reached skill level 1 in Invocations
  1313 | D        | Killed an elephant
  1314 | D        | Reached XP level 11. HP: 98/98 MP: 14/20
  1325 | D        | Reached ****** piety under Okawaru
  1325 | D        | Identified the +8 gold dragon scales of Boiling Hail {rPois
                  | rF+ rC+ rN+ Dex+4} (Okawaru gifted it to you in the
                  | Dungeon)
  1325 | D        | Received a gift from Okawaru
  1329 | D        | Reached skill level 18 in Unarmed Combat
  1428 | D        | Noticed Gastronok
  1431 | D        | Noticed Psyche
  1441 | D        | Killed Gastronok
  1446 | D        | Killed Psyche
  1599 | D        | Noticed an orc sorcerer
  1608 | D        | Killed an orc sorcerer
  1609 | D        | Reached skill level 5 in Invocations
  1609 | D        | Noticed an orc knight
  1616 | D        | Reached skill level 19 in Unarmed Combat
  1830 | D        | Noticed an orc sorcerer
  1834 | D        | Killed an orc knight
  1837 | D        | Paralysed by an orc sorcerer for 3 turns
  1842 | D        | Killed an orc sorcerer
  2268 | D        | Found Tapaodgh's Book Emporium.
  2268 | D        | Noticed an ogre mage
  2268 | D        | Noticed a two-headed ogre
  2276 | D        | Killed an ogre mage
  2277 | D        | Found Hotz's Distillery.
  2279 | D        | Noticed an ogre mage
  2284 | D        | Killed a two-headed ogre
  2507 | D        | Killed an ogre mage
  2508 | D        | Reached XP level 12. HP: 109/109 MP: 19/23
  2703 | D        | Found Pehavv Diots's Magic Scroll Emporium.
  2707 | D        | Found Cicanuw's Magic Scroll Shoppe.
  2712 | D        | Noticed an ogre mage
  2713 | D        | Noticed an ogre mage
  2714 | D        | Received a gift from Okawaru
  2720 | D        | Killed an ogre mage
  2723 | D        | Killed an ogre mage
  2724 | D        | Reached skill level 5 in Ice Magic
  2757 | D        | Bought a potion of invisibility for 104 gold pieces
  2757 | D        | Bought a potion of curing for 39 gold pieces
  2757 | D        | Bought a potion of heal wounds for 65 gold pieces
  2757 | D        | Bought a potion of mutation for 104 gold pieces
  2757 | D        | Bought 2 potions of mutation for 208 gold pieces
  2759 | D        | Bought a scroll of identify for 24 gold pieces
  2759 | D        | Bought a scroll of identify for 24 gold pieces
  2759 | D        | Bought a scroll of magic mapping for 42 gold pieces
  2761 | D        | Bought a scroll of acquirement for 572 gold pieces
  2761 | D        | Bought a scroll of blinking for 82 gold pieces
  2761 | D        | Acquired mhtbhm's Almanac of Congealing Dark Arts
  2771 | D        | Learned a level 3 spell: Frozen Ramparts
  2774 | D        | Learned a level 2 spell: Ensorcelled Hibernation
  2780 | D        | Learned a level 5 spell: Metabolic Englaciation
  2829 | D        | Noticed Erica
  2835 | D        | Killed Erica
  2836 | D        | Reached skill level 20 in Unarmed Combat
  2907 | D        | Bought a scroll of immolation for 42 gold pieces
  2909 | D        | Bought a scroll of immolation for 38 gold pieces
  2909 | D        | Bought a scroll of identify for 22 gold pieces
  2909 | D        | Bought a scroll of amnesia for 38 gold pieces
  2909 | D        | Bought a scroll of identify for 22 gold pieces
  2909 | D        | Bought a scroll of poison for 38 gold pieces
  2909 | D        | Bought a scroll of poison for 38 gold pieces
  3079 | D        | Noticed a death knight
  3079 | D        | Noticed a centaur warrior
  3079 | D        | Noticed an eight-headed hydra
  3080 | D        | Noticed a tengu warrior
  3084 | D        | Noticed a red very ugly thing
  3100 | D        | Noticed a fire giant
  3102 | D        | Killed a death knight
  3109 | D        | Killed a centaur warrior
  3366 | D        | Killed an eight-headed hydra
  3367 | D        | Reached skill level 10 in Dodging
  3400 | D        | Killed a tengu warrior
  3422 | D        | Killed a red very ugly thing
  3423 | D        | Reached skill level 10 in Transmutations
  3430 | D        | Noticed an ettin
  3436 | D        | Killed an ettin
  3450 | D        | Killed a fire giant
  3451 | D        | Reached skill level 5 in Fighting
  3451 | D        | Reached skill level 21 in Unarmed Combat
  3624 | D        | Noticed a spark wasp
  3638 | D        | Killed a spark wasp
  3638 | D        | Received a gift from Okawaru
  3818 | D        | Noticed a spark wasp
  3818 | D        | Noticed an emperor scorpion
  3822 | D        | Killed a spark wasp
  3832 | D        | Killed a ghost moth
  3833 | D        | Reached XP level 13. HP: 90/118 MP: 6/25
  3841 | D        | Killed an emperor scorpion
  3842 | D        | Reached skill level 10 in Invocations
  3932 | D        | Noticed a merfolk impaler
  3940 | D        | Identified the +3 quarterstaff of Nistymouton {vamp, Int+4
                  | Dex-5 SInv Stlth+} (Okawaru gifted it to you in the
                  | Dungeon)
  3940 | D        | Received a gift from Okawaru
  3949 | D        | HP: 2/142 [merfolk/+0 trident (9)]
  3954 | D        | Killed a merfolk impaler
  3954 | D        | HP: 3/142 [merfolk/+0 trident (18)]
  3959 | D        | HP: 4/142 [merfolk/+0 trident (22)]
  4057 | D        | Reached skill level 22 in Unarmed Combat
  4286 | D        | Noticed an eleionoma
  4286 | D        | Noticed a thorn hunter
  4286 | D        | Noticed a bunyip
  4294 | D        | Killed an eleionoma
  4299 | D        | Killed a thorn hunter
  4313 | D        | HP: 6/144 [bunyip (30)]
  4313 | D        | Annihilated by a bunyip

Illustrated notes

Levels and vault maps discovered:
D:        linesprint [early_d, line_temple, items_1, d_10, items_2, lair_1,
          lair_end, items_3, orc_1, orc_end, items_4, d_15, swamp_1, shoals_1,
          snake_1, spider_1, d_20, vaults_1, items_5, swamp_end, shoals_end,
          snake_end, spider_end, vaults_end, d_27, items_6, zot_1, zot_end,
          crypt_end, forest_end, elf_end, slime_end, tomb_end, abyss_end,
          pan_hell_end]

Skill      XL: |  1  2  3  4  5  6  7  8  9 10 11 12 13 |
---------------+----------------------------------------+-----
Dodging        | 2 3 4 5 6 7 8 9 10 11 | 11.1
Unarmed Combat | 4 6 8 10 11 12 14 15 17 19 21 22 | 22.5
Fighting       | 1 2 3 4 5 |  5.8
Spellcasting   | 2 3 4 5 6 7 8 9 |  9.7
Transmutations | 2 3 4 5 6 7 8 9 10 | 10.8
Ice Magic      | 1 2 3 4 5 6 |  6.2
Stealth        | 1 2 3 4 |  4.1
Evocations     | 2 3 |  3.4
Invocations    | 1 6 9 11 | 11.2

Action                   |  1- 3 |  4- 6 |  7- 9 | 10-12 | 13-15 || total
-------------------------+-------+-------+-------+-------+-------++-------
Melee: Unarmed           |    21 |    37 |    29 |   217 |    68 ||   372
       Kick              |     5 |     4 |       |       |       ||     9
       Headbutt          |     1 |     1 |       |       |       ||     2
       Punch             |     1 |       |       |       |       ||     1
 Cast: Beastly Appendage |     2 |     1 |       |       |       ||     3
       Wereblood         |     1 |     1 |     2 |    14 |     4 ||    22
       Ice Form          |       |     1 |     2 |    17 |     4 ||    24
Invok: Heroism           |       |       |       |       |     1 ||     1
Evoke: Wand              |       |     1 |     6 |     1 |     2 ||    10
  Use: Scroll            |       |       |     1 |     1 |     1 ||     3
       Potion            |       |       |       |     8 |     5 ||    13
 Stab: Sleeping          |       |       |       |     2 |       ||     2
Armor: Robe              |     2 |     5 |       |       |       ||     7
       Skin              |       |     4 |     6 |    29 |    12 ||    51
Dodge: Dodged            |     7 |    25 |    14 |    78 |    38 ||   162

Table legend: (Time is in decaauts)
 A = Elapsed time spent in this place.
 B = Non-inter-level travel time spent in this place.
 C = Inter-level travel time spent in this place.
 D = Time resting spent in this place.
 E = Time spent auto-exploring this place.
 F = Levels seen in this place.
 G = Mean time per level.
                   A        B        C        D        E       F      G
               +--------+--------+--------+--------+--------+-----+--------+
         Total |   4161 |   4161 |      0 |   1790 |    791 |   1 | 4161.0 |
       Dungeon |   4161 |   4161 |      0 |   1790 |    791 |   1 | 4161.0 |
               +--------+--------+--------+--------+--------+-----+--------+

Top non-repeatable levels by time:
       D: 4161 daAuts
